ESL (28 & UNDER)
MT PLEASANT BEARCATS @ PENQUANNOCK OVERRATED JETER
05/16/2025
 
TOP OF THE 1ST
Mt Pleasant Bearcats batting - Pitching for Penquannock Overrated Jeter : RHP Richard Edwards
Pitching: RHP Richard Edwards
Batting: RHB Carlos Luna 0-0: Ball
1-0: Ball
2-0: Called Strike
2-1: Ball
3-1: Base on Balls
Batting: RHB Jesús Ramírez 0-0: Ball
1-0: Ball
2-0: Ball
3-0: Called Strike
3-1: Called Strike
3-2: SINGLE (Line Drive, 4MD)
Carlos Luna to second
Carlos Luna to third
Batting: RHB Cristo García 0-0: Called Strike
0-1: Ball
1-1: Fielders Choice at 2nd, 6-4 (Groundball, 6M)
Carlos Luna scores
Batting: RHB Armando Cuevas 0-0: Ball
1-0: Foul Ball, location: 2F
1-1: Ball
2-1: Foul Ball, location: 2F
2-2: 2-RUN HOME RUN (Flyball, 7D), Distance : 362 ft
Batting: LHB Robert Moore 0-0: Swinging Strike
0-1: Ball
1-1: Called Strike
1-2: SINGLE (Line Drive, 9S)
Batting: RHB Irving Galloway 0-0: Called Strike
0-1: Swinging Strike
Pickoff Throw by Catcher to First - Out!
0-2: Strikes out looking
Top of the 1st over - 3 run(s), 3 hit(s), 0 error(s), 0 left on base; Mt Pleasant 3 - Penquannock 0
BOTTOM OF THE 1ST
Penquannock Overrated Jeter batting - Pitching for Mt Pleasant Bearcats : RHP Carlos Mendoza
Pitching: RHP Carlos Mendoza
Batting: LHB Bill McJannett 0-0: DOUBLE (Line Drive, 8RD)
Batting: RHB Juan Costello 0-0: Ball
1-0: Ball
2-0: Called Strike
2-1: DOUBLE (Line Drive, 78M)
Bill McJannett scores
Batting: RHB Earl Conrad 0-0: Ground out 3-1 (Groundball, 34)
Juan Costello to third
Batting: RHB Ignacio Flores 0-0: Ground out 6-3 (Groundball, 6M)
Juan Costello scores
Batting: RHB Tim Hanson 0-0: Ball
1-0: Fly out, F4 (Line Drive, 4)
Bottom of the 1st over - 2 run(s), 2 hit(s), 0 error(s), 0 left on base; Mt Pleasant 3 - Penquannock 2
TOP OF THE 2ND
Mt Pleasant Bearcats batting - Pitching for Penquannock Overrated Jeter : RHP Richard Edwards
Batting: RHB Vic Langlois 0-0: Ball
1-0: Reached on error, E3 (Groundball, 3S)
Batting: RHB Roberto Martínez 0-0: Called Strike
Vic Langlois steals 2nd base
0-1: Foul Ball, location: 2F
0-2: Ball
1-2: Foul Ball, location: 2F
1-2: Strikes out looking
Batting: RHB Ichizo Akiyama 0-0: Ball
1-0: Ball
2-0: Called Strike
2-1: SINGLE (Line Drive, 8LS)
Vic Langlois to third
Runner from 3rd tries for Home, SAFE, throw made home
Ichizo Akiyama to second
Batting: RHB Carlos Luna 0-0: Ball
1-0: Fly out, F8 (Flyball, 8RM)
Batting: RHB Jesús Ramírez 0-0: Called Strike
0-1: Ball
1-1: Fly out, F8 (Line Drive, 8RM)
Top of the 2nd over - 1 run(s), 1 hit(s), 1 error(s), 1 left on base; Mt Pleasant 4 - Penquannock 2
BOTTOM OF THE 2ND
Penquannock Overrated Jeter batting - Pitching for Mt Pleasant Bearcats : RHP Carlos Mendoza
Batting: LHB Todd Barnes 0-0: Foul Ball, location: 2F
0-1: Ball
1-1: Foul Ball, location: 2F
1-2: Ball
2-2: SINGLE (Groundball, 4MD)
Batting: RHB Juan Velásquez 0-0: Ground out 6-3 (Groundball, 6S)
Todd Barnes to second
Batting: RHB Arturo Rodríguez 0-0: Ball
1-0: Fly out, F6 (Popup, 6MD)
Batting: RHB Barton Frazier 0-0: Called Strike
0-1: Ball
1-1: Foul Ball, location: 2F
1-2: Ball
2-2: Foul Ball, location: 2F
2-2: Foul Ball, location: 2F
2-2: Ball
3-2: Foul Ball, location: 2F
3-2: Strikes out swinging
Bottom of the 2nd over - 0 run(s), 1 hit(s), 0 error(s), 1 left on base; Mt Pleasant 4 - Penquannock 2
TOP OF THE 3RD
Mt Pleasant Bearcats batting - Pitching for Penquannock Overrated Jeter : RHP Richard Edwards
Batting: RHB Cristo García 0-0: Ball
1-0: Ball
2-0: Ball
3-0: Called Strike
3-1: Foul Ball, location: 2F
3-2: DOUBLE (Flyball, 8LXD)
Batting: RHB Armando Cuevas 0-0: Called Strike
0-1: Ball
1-1: Ball
2-1: Swinging Strike
2-2: Ball
3-2: Strikes out swinging
Batting: LHB Robert Moore 0-0: Called Strike
0-1: Foul Ball, location: 2F
0-2: Foul Ball, location: 2F
0-2: Fly out, F8 (Flyball, 8RD)
Runner from 2nd tags up, SAFE at 3rd, no throw
Batting: RHB Irving Galloway 0-0: Ball
1-0: Called Strike
1-1: Foul Ball, location: 2F
1-2: Ball
2-2: Strikes out swinging
Top of the 3rd over - 0 run(s), 1 hit(s), 0 error(s), 1 left on base; Mt Pleasant 4 - Penquannock 2
BOTTOM OF THE 3RD
Penquannock Overrated Jeter batting - Pitching for Mt Pleasant Bearcats : RHP Carlos Mendoza
Batting: LHB Bill McJannett 0-0: Ball
1-0: Ball
2-0: Foul Ball, location: 2F
2-1: Ground out 4-3 (Groundball, 4)
Batting: RHB Juan Costello 0-0: Called Strike
0-1: Called Strike
0-2: Ball
1-2: Foul Ball, location: 2F
1-2: Foul Ball, location: 2F
1-2: Foul Ball, location: 2F
1-2: Foul Ball, location: 2F
1-2: Strikes out looking
Batting: RHB Earl Conrad 0-0: Ball
1-0: Ball
2-0: Called Strike
2-1: Foul Ball, location: 2F
2-2: Ground out 4-3 (Groundball, 4M)
Bottom of the 3rd over - 0 run(s), 0 hit(s), 0 error(s), 0 left on base; Mt Pleasant 4 - Penquannock 2
TOP OF THE 4TH
Mt Pleasant Bearcats batting - Pitching for Penquannock Overrated Jeter : RHP Richard Edwards
Batting: RHB Vic Langlois 0-0: Ground out 6-3 (Groundball, 6)
Batting: RHB Roberto Martínez 0-0: Ball
1-0: Ball
2-0: Swinging Strike
2-1: SINGLE (Groundball, 56D)
Batting: RHB Ichizo Akiyama 0-0: Called Strike
0-1: Foul Ball, location: 2F
0-2: Ball
1-2: Fly out, F6 (Popup, 6M)
Batting: RHB Carlos Luna 0-0: Called Strike
0-1: Ball
1-1: Called Strike
1-2: Ball
2-2: Strikes out swinging
Top of the 4th over - 0 run(s), 1 hit(s), 0 error(s), 1 left on base; Mt Pleasant 4 - Penquannock 2
BOTTOM OF THE 4TH
Penquannock Overrated Jeter batting - Pitching for Mt Pleasant Bearcats : RHP Carlos Mendoza
Batting: RHB Ignacio Flores 0-0: SINGLE (Flyball, 78M)
Batting: RHB Tim Hanson 0-0: Ball
1-0: Foul Ball, location: 2F
1-1: Ground out 5-3 (Groundball, 5S)
Ignacio Flores to second
Batting: LHB Todd Barnes 0-0: Called Strike
0-1: Ground out 5-3 (Groundball, 56)
Batting: RHB Juan Velásquez 0-0: Called Strike
0-1: Foul Ball, location: 2F
0-2: Ball
1-2: SINGLE (Line Drive, 4M)
Ignacio Flores to third
Runner from 3rd tries for Home, SAFE, no throw or cutoff
Batting: RHB Arturo Rodríguez 0-0: Called Strike
0-1: Ball
1-1: Ball
2-1: Ball
3-1: Fly out, F9 (Flyball, 9LD)
Bottom of the 4th over - 1 run(s), 2 hit(s), 0 error(s), 1 left on base; Mt Pleasant 4 - Penquannock 3
TOP OF THE 5TH
Mt Pleasant Bearcats batting - Pitching for Penquannock Overrated Jeter : RHP Richard Edwards
Batting: RHB Jesús Ramírez 0-0: Called Strike
0-1: Foul Ball, location: 2F
0-2: Fly out, F6 (Popup, 4M)
Batting: RHB Cristo García 0-0: Called Strike
0-1: Ball
1-1: Foul Ball, location: 2F
1-2: Fly out, F9 (Flyball, 9LM)
Batting: RHB Armando Cuevas 0-0: SINGLE (Groundball, 4M)
Pitching: LHP Héctor Díaz
Batting: LHB Robert Moore 0-0: Called Strike
0-1: Ball
1-1: Foul Ball, location: 2F
1-2: Ball
2-2: Ball
3-2: Base on Balls
Armando Cuevas to second
Batting: RHB Irving Galloway 0-0: Ball
1-0: Called Strike
1-1: SINGLE (Flyball, 89S)
Armando Cuevas to third
Robert Moore to second
Runner from 3rd tries for Home, SAFE, no throw or cutoff
Batting: RHB Vic Langlois 0-0: Called Strike
0-1: Swinging Strike
0-2: Ball
1-2: Strikes out swinging
Top of the 5th over - 1 run(s), 2 hit(s), 0 error(s), 2 left on base; Mt Pleasant 5 - Penquannock 3
BOTTOM OF THE 5TH
Penquannock Overrated Jeter batting - Pitching for Mt Pleasant Bearcats : RHP Carlos Mendoza
Batting: RHB Barton Frazier 0-0: Ball
1-0: Ground out U3 (Groundball, 3)
Batting: LHB Bill McJannett 0-0: Ball
1-0: Ball
2-0: Ball
3-0: Base on Balls
Batting: RHB Juan Costello 0-0: Foul Ball, location: 2F
0-1: Ball
1-1: Ball
2-1: Foul Ball, location: 2F
2-2: DOUBLE (Groundball, 5L)
Bill McJannett to third
Runner from 3rd tries for Home, SAFE, throw made home
Batting: RHB Earl Conrad 0-0: Called Strike
0-1: Called Strike
Juan Costello steals 3rd base
0-2: SINGLE (Groundball, 56D)
Juan Costello scores
Batting: RHB Ignacio Flores 0-0: SINGLE (Line Drive, 34D)
Earl Conrad to second
Batting: RHB Tim Hanson 0-0: Ball
1-0: Called Strike
1-1: Foul Ball, location: 2F
1-2: Fly out, F7 (Flyball, 78XD)
Runner from 2nd tags up, SAFE at 3rd, no throw
Batting: LHB Todd Barnes 0-0: Called Strike
0-1: SINGLE (Line Drive, 4MD)
Earl Conrad scores
Ignacio Flores to second
Batting: RHB Juan Velásquez 0-0: Foul Ball, location: 2F
0-1: Called Strike
0-2: Ground out 4-3 (Groundball, 4)
Bottom of the 5th over - 3 run(s), 4 hit(s), 0 error(s), 2 left on base; Mt Pleasant 5 - Penquannock 6
TOP OF THE 6TH
Mt Pleasant Bearcats batting - Pitching for Penquannock Overrated Jeter : LHP Héctor Díaz
Batting: RHB Roberto Martínez 0-0: Ball
1-0: Called Strike
1-1: Swinging Strike
1-2: Ball
2-2: Ball
3-2: Foul Ball, location: 2F
3-2: Base on Balls
Batting: RHB Ichizo Akiyama 0-0: Called Strike
0-1: Ball
1-1: Foul Ball, location: 2F
1-2: Foul Ball, location: 2F
1-2: Strikes out swinging
Batting: RHB Carlos Luna 0-0: Foul Ball, location: 2F
0-1: Foul Ball, location: 2F
0-2: Strikes out swinging
Batting: RHB Jesús Ramírez 0-0: Called Strike
0-1: Ball
1-1: Ball
2-1: Called Strike
2-2: Foul Ball, location: 2F
2-2: Foul Ball, location: 2F
2-2: Strikes out swinging
Top of the 6th over - 0 run(s), 0 hit(s), 0 error(s), 1 left on base; Mt Pleasant 5 - Penquannock 6
BOTTOM OF THE 6TH
Penquannock Overrated Jeter batting - Pitching for Mt Pleasant Bearcats : RHP Carlos Mendoza
Pitching: RHP Jorge Amador
Batting: RHB Arturo Rodríguez 0-0: Ball
1-0: Called Strike
1-1: Ground out 5-3 (Groundball, 56)
Batting: RHB Barton Frazier 0-0: Called Strike
0-1: Ball
1-1: Foul Ball, location: 2F
1-2: Ball
2-2: Ball
3-2: Base on Balls
Batting: LHB Bill McJannett 0-0: Ball
Barton Frazier steals 2nd base
1-0: Ball
2-0: Ball
3-0: Base on Balls
Batting: RHB Juan Costello 0-0: Ball
1-0: Called Strike
1-1: Foul Ball, location: 2F
1-2: Fielders Choice at 2nd, 6-4 (Groundball, 6)
Barton Frazier to third
Batting: RHB Earl Conrad 0-0: Ball
1-0: Ball
2-0: Called Strike
2-1: Ball
3-1: Fly out, F7 (Flyball, 7LM)
Bottom of the 6th over - 0 run(s), 0 hit(s), 0 error(s), 2 left on base; Mt Pleasant 5 - Penquannock 6
TOP OF THE 7TH
Mt Pleasant Bearcats batting - Pitching for Penquannock Overrated Jeter : LHP Héctor Díaz
Batting: RHB Cristo García 0-0: Foul Ball, location: 2F
0-1: Fly out, F8 (Flyball, 89D)
Batting: RHB Armando Cuevas 0-0: Ball
1-0: Foul Ball, location: 2F
1-1: Foul Ball, location: 2F
1-2: Ball
2-2: Ball
3-2: Ground out 4-3 (Groundball, 4M)
Batting: LHB Robert Moore 0-0: Swinging Strike
0-1: Called Strike
0-2: Foul Ball, location: 2F
0-2: Ball
1-2: Fly out, F8 (Flyball, 8LM)
Top of the 7th over - 0 run(s), 0 hit(s), 0 error(s), 0 left on base; Mt Pleasant 5 - Penquannock 6
BOTTOM OF THE 7TH
Penquannock Overrated Jeter batting - Pitching for Mt Pleasant Bearcats : RHP Jorge Amador
Batting: RHB Ignacio Flores 0-0: SINGLE (Line Drive, 56)
Batting: RHB Tim Hanson 0-0: Called Strike
0-1: Ball
1-1: Called Strike
1-2: Ball
2-2: Ball
3-2: Grounds into double play, 5-4-3 (Groundball, 56)
Batting: LHB Todd Barnes 0-0: Ball
1-0: Swinging Strike
1-1: Foul Ball, location: 2F
1-2: Foul Ball, location: 2F
1-2: Ball
2-2: Ground out 1-3 (Groundball, 25)
Bottom of the 7th over - 0 run(s), 1 hit(s), 0 error(s), 0 left on base; Mt Pleasant 5 - Penquannock 6
TOP OF THE 8TH
Mt Pleasant Bearcats batting - Pitching for Penquannock Overrated Jeter : LHP Héctor Díaz
Batting: RHB Irving Galloway 0-0: Called Strike
0-1: SINGLE (Groundball, 4MD)
Batting: RHB Vic Langlois 0-0: Sac Bunt - play at first, batter OUT! 1-4
Irving Galloway to second
Pinch Hitting: RHB Yasutoki Kojima 0-0: Foul Ball, location: 2F
0-1: Swinging Strike
0-2: DOUBLE (Line Drive, 89M)
Irving Galloway scores
Batting: RHB Ichizo Akiyama 0-0: Intentional Walk
Pinch Hitting: RHB Luis Maldonado 0-0: Called Strike
Yasutoki Kojima steals 3rd base
Ichizo Akiyama to second
0-1: Foul Ball, location: 2F
0-2: Fly out, F9 (Flyball, 9LS)
Batting: RHB Jesús Ramírez 0-0: Ball
1-0: Swinging Strike
1-1: Ball
2-1: Swinging Strike
2-2: Ball
3-2: Strikes out swinging
Top of the 8th over - 1 run(s), 2 hit(s), 0 error(s), 2 left on base; Mt Pleasant 6 - Penquannock 6
BOTTOM OF THE 8TH
Penquannock Overrated Jeter batting - Pitching for Mt Pleasant Bearcats : RHP Jorge Amador
Pitching: LHP Henry Barton
Now at 3B: Luis Maldonado
Now in CF: Jeffrey Hicks
Pinch Hitting: RHB Doug Brown 0-0: Ball
1-0: Ball
2-0: Ball
3-0: Called Strike
3-1: Called Strike
3-2: Strikes out swinging
Batting: RHB Arturo Rodríguez 0-0: SINGLE (Line Drive, 34)
Pinch Runner at 1st Armando Pagán:
Batting: RHB Barton Frazier 0-0: Called Strike
0-1: Ball
1-1: Ball
2-1: Called Strike
2-2: Ball
3-2: Strikes out swinging
Pinch Hitting: RHB Vincent Fields 0-0: Called Strike
0-1: Ball
1-1: Ground out 5-3 (Groundball, 5S)
Bottom of the 8th over - 0 run(s), 1 hit(s), 0 error(s), 1 left on base; Mt Pleasant 6 - Penquannock 6
TOP OF THE 9TH
Mt Pleasant Bearcats batting - Pitching for Penquannock Overrated Jeter : LHP Héctor Díaz
Pitching: RHP Toshikuni Nishimura
Now at 1B: Vincent Fields
Now at SS: Shi-fu Liu
Now in LF: Armando Pagán
Pinch Hitting: SHB Roberto Rivera 0-0: Ball
1-0: Called Strike
1-1: Ball
2-1: Called Strike
2-2: Ground out 4-3 (Groundball, 4)
Batting: RHB Armando Cuevas 0-0: Ball
1-0: Ball
2-0: Ball
3-0: Called Strike
3-1: Base on Balls
Batting: LHB Robert Moore 0-0: Swinging Strike
0-1: Ball
1-1: Ball
2-1: Foul Ball, location: 2F
2-2: Strikes out looking
Pinch Hitting: LHB Colm Massey 0-0: Swinging Strike
0-1: Ball
1-1: Ball
Wild Pitch!
Armando Cuevas to second
2-1: Ball
3-1: Called Strike
Reached via error on a dropped throw, E1
Armando Cuevas to third
Batting: RHB Vic Langlois 0-0: Foul Ball, location: 2F
0-1: Called Strike
0-2: Ground out 6-3 (Groundball, 6)
Top of the 9th over - 0 run(s), 0 hit(s), 1 error(s), 2 left on base; Mt Pleasant 6 - Penquannock 6
BOTTOM OF THE 9TH
Penquannock Overrated Jeter batting - Pitching for Mt Pleasant Bearcats : LHP Henry Barton
Now at 1B: Ramiro Chávez
Now at 3B: Colm Massey
Batting: RHB Juan Costello 0-0: Called Strike
0-1: Swinging Strike
0-2: Ball
1-2: Ball
2-2: Ground out 6-3 (Groundball, 6)
Batting: RHB Earl Conrad 0-0: Ground out 5-3 (Groundball, 5)
Batting: RHB Ignacio Flores 0-0: Called Strike
0-1: Swinging Strike
0-2: Ball
1-2: Foul Ball, location: 2F
1-2: DOUBLE (Line Drive, 7LM)
Batting: RHB Tim Hanson 0-0: Called Strike
0-1: Ball
1-1: Ball
2-1: Ball
3-1: Foul Ball, location: 2F
3-2: Foul Ball, location: 2F
3-2: Base on Balls
Pinch Hitting: RHB B.J. Allen 0-0: Called Strike
0-1: Ball
1-1: Swinging Strike
1-2: Strikes out swinging
Bottom of the 9th over - 0 run(s), 1 hit(s), 0 error(s), 2 left on base; Mt Pleasant 6 - Penquannock 6
TOP OF THE 10TH
Mt Pleasant Bearcats batting - Pitching for Penquannock Overrated Jeter : RHP Toshikuni Nishimura
Now in RF: B.J. Allen
Batting: RHB Jeffrey Hicks 0-0: Hit by Pitch
Batting: RHB Ichizo Akiyama 0-0: Sac Bunt - play at first, batter OUT! U3
Jeffrey Hicks to second
Batting: RHB Luis Maldonado 0-0: Called Strike
Jeffrey Hicks is caught stealing 3rd base
0-1: Called Strike
0-2: Ball
1-2: Strikes out swinging
Top of the 10th over - 0 run(s), 0 hit(s), 0 error(s), 0 left on base; Mt Pleasant 6 - Penquannock 6
BOTTOM OF THE 10TH
Penquannock Overrated Jeter batting - Pitching for Mt Pleasant Bearcats : LHP Henry Barton
Batting: RHB Shi-fu Liu 0-0: Ground out U3 (Groundball, 3L)
Pitching: RHP Joe Wilson
Pinch Hitting: LHB Matt Reese 0-0: Foul Ball, location: 2F
0-1: Ball
1-1: Swinging Strike
1-2: Strikes out swinging
Batting: RHB Barton Frazier 0-0: Ball
1-0: Ground out 5-3 (Groundball, 15S)
Bottom of the 10th over - 0 run(s), 0 hit(s), 0 error(s), 0 left on base; Mt Pleasant 6 - Penquannock 6
TOP OF THE 11TH
Mt Pleasant Bearcats batting - Pitching for Penquannock Overrated Jeter : RHP Toshikuni Nishimura
Now in CF: Pedro Ramírez
Batting: RHB Jesús Ramírez 0-0: Ball
1-0: Called Strike
1-1: Called Strike
1-2: Ball
2-2: Ball
3-2: Strikes out swinging
Batting: RHB Ramiro Chávez 0-0: Called Strike
0-1: Ball
1-1: Ball
2-1: Foul Ball, location: 2F
2-2: Strikes out looking
Batting: RHB Armando Cuevas 0-0: Ball
1-0: Ball
2-0: Fly out, F4 (Popup, 4)
Top of the 11th over - 0 run(s), 0 hit(s), 0 error(s), 0 left on base; Mt Pleasant 6 - Penquannock 6
BOTTOM OF THE 11TH
Penquannock Overrated Jeter batting - Pitching for Mt Pleasant Bearcats : RHP Joe Wilson
Batting: RHB Vincent Fields 0-0: Ground out 4-3 (Groundball, 4)
Batting: RHB Juan Costello 0-0: Ball
1-0: Ball
2-0: Ball
3-0: Called Strike
3-1: SINGLE (Groundball, 34)
Batting: RHB Earl Conrad 0-0: Ball
1-0: Ball
2-0: Called Strike
2-1: Swinging Strike
2-2: Strikes out swinging
Batting: RHB Ignacio Flores 0-0: Swinging Strike
0-1: Foul Ball, location: 2F
0-2: Ball
1-2: SINGLE (Line Drive, 6MD)
Juan Costello to second
Juan Costello to third
Batting: RHB Tim Hanson 0-0: Ball
1-0: Ball
2-0: Called Strike
2-1: Called Strike
2-2: Foul Ball, location: 2F
2-2: Ball
3-2: Strikes out swinging
Bottom of the 11th over - 0 run(s), 2 hit(s), 0 error(s), 2 left on base; Mt Pleasant 6 - Penquannock 6
TOP OF THE 12TH
Mt Pleasant Bearcats batting - Pitching for Penquannock Overrated Jeter : RHP Toshikuni Nishimura
Batting: LHB Robert Moore 0-0: Ball
1-0: Foul Ball, location: 2F
1-1: Swinging Strike
1-2: Strikes out looking
Pitching: RHP Santiago González
Batting: LHB Colm Massey 0-0: Called Strike
0-1: Ball
1-1: Ball
2-1: Ball
3-1: Base on Balls
Batting: RHB Vic Langlois 0-0: Called Strike
0-1: Called Strike
0-2: Ball
1-2: Strikes out swinging
Batting: RHB Jeffrey Hicks 0-0: Ball
1-0: Swinging Strike
1-1: SINGLE (Line Drive, 9S)
Colm Massey to second
Batting: RHB Ichizo Akiyama 0-0: Ball
1-0: Swinging Strike
1-1: Foul Ball, location: 2F
1-2: Foul Ball, location: 2F
1-2: SINGLE (Line Drive, 78S)
Colm Massey to third
Jeffrey Hicks to second
Batting: RHB Luis Maldonado 0-0: Called Strike
0-1: Called Strike
0-2: Strikes out swinging
Top of the 12th over - 0 run(s), 2 hit(s), 0 error(s), 3 left on base; Mt Pleasant 6 - Penquannock 6
BOTTOM OF THE 12TH
Penquannock Overrated Jeter batting - Pitching for Mt Pleasant Bearcats : RHP Joe Wilson
Pinch Hitting: LHB Tony Green 0-0: Ball
1-0: Swinging Strike
1-1: SINGLE (Line Drive, 78M)
Batting: RHB Shi-fu Liu 0-0: Bunted foul
0-1: Sac Bunt - play at first, batter safe!
Tony Green to second
Batting: RHB Pedro Ramírez 0-0: Bunted foul
0-1: Bunted foul
0-2: Ball
1-2: Foul Ball, location: 2F
1-2: Ball
2-2: Strikes out swinging
Pitching: LHP Jeff Hardin
Batting: RHB Barton Frazier 0-0: Ball
1-0: Ball
Tony Green steals 3rd base
Shi-fu Liu to second
2-0: Intentional Walk
Batting: RHB Vincent Fields 0-0: Swinging Strike
0-1: Ball
1-1: Ball
2-1: Grounds into fielders choice 6-2 (Groundball, 6)
Shi-fu Liu to third
Barton Frazier to second
Batting: RHB Juan Costello 0-0: Foul Ball, location: 2F
0-1: Ball
1-1: Foul Ball, location: 2F
1-2: Fly out, F9 (Flyball, 9S)
Bottom of the 12th over - 0 run(s), 2 hit(s), 0 error(s), 3 left on base; Mt Pleasant 6 - Penquannock 6
TOP OF THE 13TH
Mt Pleasant Bearcats batting - Pitching for Penquannock Overrated Jeter : RHP Santiago González
Now in LF: Tony Green
Batting: RHB Jesús Ramírez 0-0: Called Strike
0-1: Called Strike
0-2: Strikes out looking
Batting: RHB Ramiro Chávez 0-0: Called Strike
0-1: Ball
1-1: SINGLE (Groundball, 6MD)
Batting: RHB Armando Cuevas 0-0: Ball
1-0: Foul Ball, location: 2F
1-1: Foul Ball, location: 2F
1-2: Strikes out swinging
Batting: LHB Robert Moore 0-0: Called Strike
0-1: Ball
1-1: Foul Ball, location: 2F
1-2: Strikes out looking
Top of the 13th over - 0 run(s), 1 hit(s), 0 error(s), 1 left on base; Mt Pleasant 6 - Penquannock 6
BOTTOM OF THE 13TH
Penquannock Overrated Jeter batting - Pitching for Mt Pleasant Bearcats : LHP Jeff Hardin
Batting: RHB Earl Conrad 0-0: Called Strike
0-1: Ground out 6-3 (Groundball, 6M)
Batting: RHB Ignacio Flores 0-0: Ground out 5-3 (Groundball, 56)
Batting: RHB Tim Hanson 0-0: Called Strike
0-1: Ball
1-1: Foul Ball, location: 2F
1-2: SINGLE (Line Drive, 34D)
Pinch Hitting: RHB Yale Julien 0-0: Ball
1-0: Called Strike
1-1: Ball
2-1: Foul Ball, location: 2F
2-2: Strikes out swinging
Bottom of the 13th over - 0 run(s), 1 hit(s), 0 error(s), 1 left on base; Mt Pleasant 6 - Penquannock 6
TOP OF THE 14TH
Mt Pleasant Bearcats batting - Pitching for Penquannock Overrated Jeter : RHP Santiago González
Now in CF: Yale Julien
Batting: LHB Colm Massey 0-0: Foul Ball, location: 2F
0-1: Ball
1-1: Swinging Strike
1-2: Ball
2-2: Strikes out swinging
Batting: RHB Vic Langlois 0-0: Foul Ball, location: 2F
0-1: Ball
1-1: Ball
2-1: Ball
3-1: Foul Ball, location: 2F
3-2: Ground out 6-3 (Groundball, 6)
Batting: RHB Jeffrey Hicks 0-0: Ball
1-0: Reached on error, E1 (Groundball, 15S)
Batting: RHB Ichizo Akiyama 0-0: Ball
1-0: Foul Ball, location: 2F
1-1: Ball
2-1: Called Strike
2-2: Foul Ball, location: 2F
2-2: Ball
3-2: Strikes out swinging
Top of the 14th over - 0 run(s), 0 hit(s), 1 error(s), 1 left on base; Mt Pleasant 6 - Penquannock 6
BOTTOM OF THE 14TH
Penquannock Overrated Jeter batting - Pitching for Mt Pleasant Bearcats : LHP Jeff Hardin
Batting: RHB Shi-fu Liu 0-0: Foul Ball, location: 2F
0-1: Ball
1-1: Called Strike
1-2: Ball
2-2: Ball
3-2: Strikes out swinging
Pitching: LHP José Chávez
Batting: RHB Pedro Ramírez 0-0: Called Strike
0-1: Ball
1-1: Ground out 4-3 (Groundball, 4M)
Batting: RHB Barton Frazier 0-0: Ground out 6-3 (Groundball, 6)
Bottom of the 14th over - 0 run(s), 0 hit(s), 0 error(s), 0 left on base; Mt Pleasant 6 - Penquannock 6
TOP OF THE 15TH
Mt Pleasant Bearcats batting - Pitching for Penquannock Overrated Jeter : RHP Santiago González
Pitching: RHP Dave Nelson
Batting: RHB Luis Maldonado 0-0: Called Strike
0-1: Foul Ball, location: 2F
0-2: Foul Ball, location: 2F
0-2: Foul Ball, location: 2F
0-2: Ball
1-2: Ball
2-2: DOUBLE (Flyball, 7LD)
Batting: RHB Jesús Ramírez 0-0: Intentional Walk
Batting: RHB Ramiro Chávez 0-0: Ball
1-0: Ball
2-0: Called Strike
2-1: Foul Ball, location: 2F
2-2: Foul Ball, location: 2F
2-2: Strikes out looking
Batting: RHB Armando Cuevas 0-0: Fly out, F9 (Flyball, 89M)
Batting: LHB Robert Moore 0-0: SINGLE (Flyball, 89S)
Luis Maldonado to third
Jesús Ramírez to second
Runner from 3rd tries for Home, SAFE, no throw or cutoff
Batting: LHB Colm Massey 0-0: Ball
1-0: Ball
2-0: Foul Ball, location: 2F
2-1: Ball
3-1: Foul Ball, location: 2F
3-2: Fly out, F8 (Flyball, 8LD)
Top of the 15th over - 1 run(s), 2 hit(s), 0 error(s), 2 left on base; Mt Pleasant 7 - Penquannock 6
BOTTOM OF THE 15TH
Penquannock Overrated Jeter batting - Pitching for Mt Pleasant Bearcats : LHP José Chávez
Now at C: Chris Jones
Batting: RHB Vincent Fields 0-0: Ball
1-0: Swinging Strike
1-1: Foul Ball, location: 2F
1-2: Strikes out swinging
Batting: RHB Juan Costello 0-0: Ball
1-0: SINGLE (Line Drive, 6MD)
Batting: RHB Earl Conrad 0-0: Ball
Balk!
Juan Costello to second
1-0: Ball
Wild Pitch!
Juan Costello to third
2-0: Ball
3-0: Called Strike
3-1: Base on Balls
Batting: RHB Ignacio Flores 0-0: Ball
1-0: Ball
2-0: Ball
3-0: Called Strike
3-1: Swinging Strike
3-2: Foul Ball, location: 2F
3-2: Foul Ball, location: 2F
3-2: Base on Balls
Earl Conrad to second
Batting: RHB Tim Hanson 0-0: Ball
1-0: Ball
2-0: SINGLE (Line Drive, 78M)
Juan Costello scores
Earl Conrad to third
Ignacio Flores to second
Runner from 3rd tries for Home, SAFE, throw made home
This league is powered by Out of the Park Baseball, the baseball management simulation game for PC, Mac and Linux
Tuesday, August 2nd, 2016 - OOTP Baseball 16.8 Build 38